 Dungeon Crawl Stone Soup version 0.30-a0-1112-gfb780f5df6 (webtiles) character file.

Game seed: 6221411600439634231

49 demibob the Firebug (level 3, -4/26 HPs)
             Began as a Demonspawn Wanderer on Apr 19, 2023.
             Was a Follower of Nemelex Xobeh.
             Slain by an iguana (10 damage)
             ... on level 2 of the Dungeon.
             The game lasted 00:01:55 (1251 turns).

demibob the Firebug (Demonspawn Wanderer)           Turns: 1251, Time: 00:01:56

Health: -4/26      AC:  2    Str: 13    XL:     3   Next: 51%
Magic:  4/4        EV: 12    Int: 10    God:    Nemelex Xobeh [*.....]
Gold:   171        SH:  0    Dex: 16    Spells: 3/4 levels left

rFire   . . .      SeeInvis .    a - +0 hand axe
rCold   . . .      Faith    .    (no shield)
rNeg    . . .      Spirit   .    d - +0 robe
rPois   .          Reflect  .    (helmet restricted)
rElec   .          Rampage  .    (no cloak)
rCorr   .                        (no gloves)
Will    .....                    (no boots)
Stlth   +                        (no amulet)
HPRegen 1.04/turn                (no ring)
MPRegen 0.18/turn                (no ring)

@: no status effects
A: powered by death 1, magic regeneration, horns 1, agile 1, dopey 1,
regeneration 1
a: Renounce Religion, Draw Escape, Draw Destruction, Draw Summoning


You were on level 2 of the Dungeon.
You worshipped Nemelex Xobeh.
Nemelex Xobeh was aware of your devotion.
You visited 1 branch of the dungeon, and saw 2 of its levels.

You collected 171 gold pieces.


Innate Abilities, Weirdness & Mutations

You regenerate a little health from kills.
You regenerate magic rapidly.
You have a pair of small horns on your head.
You are agile. (Dex +4, Str/Int -1)
You are dopey. (Int -2)
Your natural rate of healing is unusually fast.


   Skills:
 - Level 1.0 Fighting
 + Level 3.6 Axes
 - Level 1.7 Dodging
 - Level 1.0 Spellcasting
 - Level 3.6 Fire Magic


You had 3 spell levels left.
You knew the following spells:

 Your Spells              Type           Power      Damage    Failure   Level
f - Foxfire               Conj/Fire      16%        2x1d4     17%         1

Your spell library contained the following spells:

 Spells                   Type           Power      Damage    Failure   Level
 Ensorcelled Hibernation  Hex/Ice        0%         N/A       45%         2
 Passwall                 Tmut/Erth      0%         N/A       45%         2
 Ignite Poison            Fire/Tmut/Pois 2%         N/A       54%         3
 Swiftness                Air            0%         N/A       71%         3
 Sticky Flame             Conj/Fire      4%         2d3       86%         4

Inventory:

Hand Weapons
 a - a +0 hand axe (weapon)
Armour
 b - a +0 helmet
 d - a +0 robe (worn)
Scrolls
 g - a scroll of identify {@r1}
Potions
 c - 2 potions of attraction
 e - a potion of lignification
 f - a potion of flight {unknown}

Dungeon Overview and Level Annotations

Branches:
Dungeon (2/15)

Altars:
Nemelex Xobeh

Shops:
D:1

[ ######### ........#
#######
#.....###....... ###
#....>..@l....#
....###.....###.###.#
# ##..........# .#
#.#.# ..........###
.###.#. #.###...## ..
... ###.# ## #†# #.#
#.# ##'## ##.##
##...## ##...##


You could see an iguana.


Message History

The iguana hisses angrily.
The iguana misses you.
You barely miss the iguana. The iguana barely misses you.
You hit the iguana but do no damage. The iguana bites you.
You hit the iguana. You headbutt the iguana.
The iguana is heavily wounded.
The iguana completely misses you. The iguana barely misses you.
You hit the iguana but do no damage.
The iguana is heavily wounded.
The iguana bites you!
* * * LOW HITPOINT WARNING * * *
You are too injured to fight recklessly!
You are too injured to fight recklessly!
You are too injured to fight recklessly!
You are too injured to fight recklessly!
An iguana is nearby!
An iguana is nearby!
You are too injured to fight recklessly!
You barely miss the iguana.
The iguana is heavily wounded.
The iguana bites you!
* * * LOW HITPOINT WARNING * * *
You hit the iguana but do no damage. Your headbutt misses the iguana.
The iguana is heavily wounded.
The iguana closely misses you.
You hit the iguana but do no damage.
The iguana is heavily wounded.
The iguana bites you!
You die...
Your body disappears without a glow.

Skill      XL: |  1  2 |
---------------+-------+-----
Axes           | 2 3 |  3.6
Fighting       | |  1.0
Dodging        | |  1.7
Spellcasting   | |  1.0
Fire Magic     | |  3.6

Action                     || total
---------------------------++-------
  Melee: Hand axe          ||   133
         Headbutt          ||     7
    Use: Scroll            ||     3
         Potion            ||     2
   Stab: Sleeping          ||     1
 Armour: Robe              ||    58
  Dodge: Dodged            ||    94

Levels and vault maps discovered:
D:1:      evilmike_arrival_crescent, layout_rooms, serial_shops,
          nicolae_shop_trees, hellmonk_ecumenical_altar_pennies_from_heaven,
          fountainhead, columned_hall_lemuel
D:2:      layout_loops_corners, kennysheep_big_empty_room

Notes
Turn   | Place    | Note
-------+----------+-------------------------------------------
     0 | D:1      | demibob the Demonspawn Wanderer began the quest for the
                  | Orb.
     0 | D:1      | demibob set off with the following items: a +0 hand axe, a
                  | +0 helmet, a potion of attraction, a +0 robe; and the
                  | following spell memorised: Foxfire; and the following
                  | spells available to memorise: Ignite Poison, Sticky Flame.
     0 | D:1      | Reached XP level 1. HP: 15/15 MP: 2/2
    18 | D:1      | Reached skill level 2 in Axes
   119 | D:1      | Gained mutation: You regenerate a little health from kills.
                  | [demonic ancestry]
   119 | D:1      | Reached XP level 2. HP: 21/21 MP: 3/3
   288 | D:1      | Reached skill level 3 in Axes
   356 | D:1      | Found Giq Axosk's Armour Shoppe.
   500 | D:1      | Found a faded altar of an unknown god.
   526 | D:1      | Gained mutation: You regenerate magic rapidly. [demonic
                  | ancestry]
   526 | D:1      | Reached XP level 3. HP: 26/26 MP: 4/4
   529 | D:1      | Prayed at the altar of an unknown god.
   529 | D:1      | Became a worshipper of Nemelex Xobeh the Trickster
   529 | D:1      | Reached * piety under Nemelex Xobeh
   604 | D:1      | Received a gift from Nemelex Xobeh
   713 | D:1      | Gained mutation: You are resistant to electric shocks.
                  | (rElec) [potion of mutation]
   713 | D:1      | Gained mutation: You are vulnerable to cold. (rC-) [potion
                  | of mutation]
   714 | D:1      | Lost mutation: You are resistant to electric shocks.
                  | (rElec) [potion of mutation]
   714 | D:1      | Lost mutation: You are vulnerable to cold. (rC-) [potion of
                  | mutation]
   714 | D:1      | Gained mutation: You are dopey. (Int -2) [potion of
                  | mutation]
   714 | D:1      | Gained mutation: Your natural rate of healing is unusually
                  | fast. [potion of mutation]
   714 | D:1      | Gained mutation: You are agile. (Dex +4, Str/Int -1)
                  | [potion of mutation]
   714 | D:1      | Gained mutation: You have a pair of small horns on your
                  | head. [potion of mutation]
  1206 | D:2      | Received a gift from Nemelex Xobeh
  1251 | D:2      | Slain by an iguana

Vanquished Creatures
  A worm (D:2)
  A dart slug (D:2)
  6 ball pythons
  6 bats
  6 giant cockroaches
  5 goblins
  3 hobgoblins (D:1)
  4 kobolds (D:1)
  2 quokkas
  6 frilled lizards
  A rat (D:2)
41 creatures vanquished.

Table legend: (Time is in decaauts)
 A = Elapsed time spent in this place.
 B = Non-inter-level travel time spent in this place.
 C = Inter-level travel time spent in this place.
 D = Time resting spent in this place.
 E = Time spent auto-exploring this place.
 F = Levels seen in this place.
 G = Mean time per level.
                   A        B        C        D        E       F      G
               +--------+--------+--------+--------+--------+-----+--------+
         Total |   1273 |   1267 |      6 |     44 |    910 |   2 |  636.5 |
       Dungeon |   1273 |   1267 |      6 |     44 |    910 |   2 |  636.5 |
               +--------+--------+--------+--------+--------+-----+--------+

Top non-repeatable levels by time:
     D:1: 739 daAuts
     D:2: 534 daAuts

Table legend:
 A = Non-vault XP
 B = Vault XP
 C = Vault XP percentage of total XP
 D = Non-vault monster count
 E = Vault monster count
 F = Vault count percentage of total count
                 A         B        C        D         E       F
            +---------+---------+-------+---------+---------+-------
      Total |      70 |       0 |   0.0 |      41 |       0 |   0.0
            +---------+---------+-------+---------+---------+-------
        D:1 |      48 |       0 |   0.0 |      29 |       0 |   0.0
        D:2 |      22 |       0 |   0.0 |      12 |       0 |   0.0
            +---------+---------+-------+---------+---------+-------
